 Dungeon Crawl Stone Soup version 0.27.1-34-g3ba077fa99 (webtiles) character file.

Game seed: 4876369879094655970

23 cbfl8 the Sneak (level 2, -2/27 HPs)
             Began as a Minotaur Delver on Jan 17, 2022.
             Slain by an adder (3 damage)
             ... on level 3 of the Dungeon.
             The game lasted 00:01:56 (821 turns).

cbfl8 the Sneak (Minotaur Delver)                    Turns: 821, Time: 00:01:57

Health: -2/27      AC:  3    Str: 16    XL:     2   Next: 72%
Magic:  1/1        EV: 12    Int:  7    God:
Gold:   49         SH:  0    Dex: 11    Spells: 1/1 levels left

rFire    . . .     SeeInvis .   h - +0 rapier "Belax" {freeze, Fly rElec}
rCold    . . .     Faith    .   (no shield)
rNeg     . . .     Spirit   .   b - +0 leather armour
rPois    .         Reflect  .   (helmet restricted)
rElec    +         Harm     .   (no cloak)
rCorr    .         Rampage  .   (no gloves)
Will     .....                  (no boots)
Stlth    ++........             (no amulet)
HPRegen  0.09/turn              (no ring)
MPRegen  0.07/turn              (no ring)

@: flying
A: horns 2, retaliatory headbutt
a: no special abilities


You were on level 3 of the Dungeon.
You visited 1 branch of the dungeon, and saw 3 of its levels.

You collected 49 gold pieces.

Inventory:

Hand Weapons
 a - a +0 hand axe
 h - the +0 rapier "Belax" (weapon) {freeze, Fly rElec}
   (You found it on level 4 of the Dungeon)

   It freezes those it strikes, dealing additional cold damage.
   It can also slow down cold-blooded creatures.
   rElec:     It insulates you from electricity.
   Fly:       It grants you flight.
 j - a +1 vampiric hand axe
Armour
 b - a +0 leather armour (worn)
Wands
 g - a wand of digging (3)
Scrolls
 d - a scroll of magic mapping
 e - a scroll of fear
 i - 3 scrolls of enchant weapon {unknown}
Potions
 f - a potion of haste
 k - a potion of flight {unknown}


   Skills:
 + Level 3.8 Fighting
 + Level 2.6 Axes
 + Level 0.1 Armour
 + Level 2.3 Dodging
 + Level 4.6 Stealth


You had one spell level left.
You didn't know any spells.
Your spell library was empty.

Dungeon Overview and Level Annotations

Branches:
Dungeon (5/15)
 Temple: D:4-7

Altars:


Innate Abilities, Weirdness & Mutations

You have a pair of horns on your head.
You reflexively headbutt those who attack you in melee.


Message History

You kill the orc!
The orc hits you with a +0 dagger. The orc barely misses you.
Unknown command.
You closely miss the orc. The orc hits you with a +0 hand axe.
The orc barely misses you.
An adder comes into view.
The orc hits you with a +0 club. The orc barely misses you.
Unknown command.
You hit the orc. You freeze the orc.
The orc is heavily wounded.
The orc barely misses you. The orc hits you with a +0 club.
The orc closely misses you. The orc hits you with a +0 dagger.
Unknown command.
You barely miss the orc.
The orc is heavily wounded.
The orc hits you but does no damage. The orc hits you with a +0 hand axe.
The orc hits you with a +0 dagger.
* * * LOW HITPOINT WARNING * * *
You hit the orc but do no damage. You headbutt the orc, but do no damage.
The orc is heavily wounded.
The orc misses you. The orc closely misses you.
The orc hits you with a +0 dagger.
* * * LOW HITPOINT WARNING * * *
As you read the scroll of fog, it crumbles to dust.
The scroll dissolves into smoke.
The orc hits you but does no damage. The orc hits you with a +0 hand axe.
* * * LOW HITPOINT WARNING * * *
The orc closely misses you. You furiously retaliate!
You headbutt the orc.
There is a stone staircase leading down here.
Unknown command.
The orc barely misses you. You furiously retaliate!
You headbutt the orc.
You kill the orc!
The orc hits you with a +0 dagger.
* * * LOW HITPOINT WARNING * * *
Unknown command.
The adder bites you.
* * * LOW HITPOINT WARNING * * *
The orc hits you but does no damage. The orc closely misses you.
The adder bites you.
You die...

### ...
.####§##########
......§So§.....#
......§o@§.#
...#######.# #


You could see an adder and 2 orcs.

Vanquished Creatures
  An adder (D:4)
  An adder skeleton (D:4)
  4 orcs
  A ball python (D:4)
  2 kobolds (D:4)
9 creatures vanquished.

Notes
Turn   | Place    | Note
-------+----------+-------------------------------------------
     0 | D:5      | cbfl8 the Minotaur Delver began the quest for the Orb.
     0 | D:5      | Reached XP level 1. HP: 19/19 MP: 0/0
   103 | D:4      | Reached XP level 2. HP: 17/27 MP: 1/1
   338 | D:4      | Identified the +0 rapier "Belax" {freeze, Fly rElec}
   821 | D:3      | HP: 1/27 [adder (4)]
   821 | D:3      | Slain by an adder

Illustrated notes

Levels and vault maps discovered:
D:3:      layout_basic
D:4:      layout_basic, doesnt_xom_only_xom, kennysheep_little_box
D:5:      gammafunk_wand_slinger, layout_basic,
          nicolae_qazlal_style_of_elements, uniq_ijyb, uniq_sigmund

Action                   || total
-------------------------++-------
Melee: Hand axe          ||     8
       Rapier            ||    22
       Headbutt          ||     2
  Use: Scroll            ||     1
Armor: Leather armour    ||    11
Dodge: Dodged            ||    24
